 Dungeon Crawl Stone Soup version 0.24.0-13-gcf9b319 (webtiles) character file.

Game seed: 6765507298830096912, levelgen mode: deterministic

8680 Fang the Fighter (level 11, -2/72 HPs)
             Began as a Gargoyle Berserker on Nov 14, 2019.
             Was a High Priest of Trog.
             Slain by an orc warrior
             ... wielding a +0 spear
              (16 damage)
             ... in a bailey on Nov 15, 2019.
             The game lasted 00:10:34 (8913 turns).

Fang the Fighter (Gargoyle Berserker)               Turns: 8913, Time: 00:10:34

Health: -2/72      AC: 25    Str: 24    XL:     11   Next: 34%
Magic:  11/11      EV: 10    Int:  8    God:    Trog [*****.]
Gold:   629        SH:  0    Dex:  9    Spells: 10/10 levels left

rFire    . . .     SeeInvis .   d - +2 war axe
rCold    . . .     Gourm    .   (no shield)
rNeg     + . .     Faith    .   b - +0 plate armour
rPois    ∞         Spirit   .   i - +2 helmet
rElec    +         Reflect  .   (no cloak)
rCorr    .         Harm     .   (no gloves)
MR       .....                  (no boots)
Stlth    ..........             y - amulet of the acrobat
HPRegen  0.22/turn              m - ring of flight
MPRegen  0.12/turn              (no ring)

@: berserk cooldown, slowed, very slow
A: negative energy resistance 1, electricity resistance, unbreathing,
petrification resistance, rot immunity, AC +8
a: Berserk, Trog's Hand, Brothers in Arms, Renounce Religion, Evoke Flight


You were in a bailey.
You worshipped Trog.
Trog was extremely pleased with you.
You were near starving.

You visited 2 branches of the dungeon, and saw 10 of its levels.
You also visited: Sewer and Bailey.

You collected 629 gold pieces.

Inventory:

Hand Weapons
 a - a +0 broad axe
 d - a +2 war axe (weapon)
 k - a +1 hand axe of flaming
Armour
 b - a +0 plate armour (worn)
 i - a +2 helmet (worn)
Jewellery
 m - a ring of flight (left hand)
 w - an uncursed amulet of rage
 y - an amulet of the acrobat (around neck)
Wands
 D - a wand of enslavement (11)
Scrolls
 e - 4 scrolls of magic mapping
 h - 3 scrolls of remove curse
 n - a scroll of fog
 p - 7 scrolls of teleportation
 v - a scroll of fear
 B - a scroll of enchant armour
 E - a scroll of identify
Potions
 f - 3 potions of haste
 g - a potion of degeneration {unknown}
 j - a potion of flight
 l - 5 potions of lignification {unknown}
 o - a potion of magic {unknown}
 q - 4 potions of mutation {unknown}
 r - 2 potions of invisibility
 s - 3 potions of agility
 t - 2 potions of curing {unknown}
 u - 4 potions of heal wounds
 x - 2 potions of berserk rage {unknown}
 z - 2 potions of ambrosia {unknown}
 A - a potion of resistance
 C - 2 potions of brilliance {unknown}
Comestibles
 c - 20 rations


   Skills:
 + Level 10.1 Fighting
 + Level 8.5 Axes
 + Level 9.8 Armour
 + Level 7.4 Dodging


You had 10 spell levels left.
You didn't know any spells.
Your spell library was empty.

Dungeon Overview and Level Annotations

Branches:
Dungeon (9/15)             Temple (1/1) D:4           Sewer (visited)
 Bailey (1/1)
   Lair: D:8-11         Orc: D:9-12

Altars:
Hepliaklqana
Makhleb
Yredelemnul
The Shining One

Annotations:
D:5 1 runed translucent door


Innate Abilities, Weirdness & Mutations

You are resistant to torment.
Your stone body is resilient. (AC +8)
You are immune to poison.
You resist negative energy. (rN+)
You are resistant to electric shocks. (rElec)
You can survive without breathing.
You are immune to petrification.
You are immune to rotting.


Message History

You are too injured to fight recklessly!
You are too injured to fight recklessly!
You are too injured to fight recklessly!
You are too injured to fight recklessly!
You are too injured to fight recklessly!
You are too injured to fight recklessly!
There is an open gate here.
You feel a strong urge to attack something.
You feel your anger nearly subside.
You are no longer berserk.
You are exhausted.
You feel yourself slow down.
The orc knight hits you from afar with a +0 glaive.
There is an open gate here.
The orc warrior hits you but does no damage.
The orc knight hits you with a +0 glaive!
* * * LOW HITPOINT WARNING * * *
There is a gate leading back out of this place, spattered with blood here.
The orc warrior hits you from afar with a +0 spear!
You die...

........≈≈#.# ≈.
........≈##.##≈.
.......≈..^..≈.
......≈#∩)##≈.
#######....≈≈#)#≈≈.
##....##.....≈≈≈≈≈..
##.....##.......(....
##..#'''##............
#..##@}∩##..##........
#.####o####.##........
#.')# o.#)'.##...(..(.
#.### _.###.##...(.(..
#.')# .?#)'.##........
#.#########.##........
#..##)#)##..#.........
##..#'#'#..##.........
##.......##..........


You could see an orc knight and an orc warrior.

Vanquished Creatures
  2 two-headed ogres
  A troll (D:9)
  Sigmund (D:2)
  A hippogriff (D:8)
  Eustachio (D:6)
  2 yaks (D:7)
  2 hogs (D:7)
  A human (D:7)
  4 soldier ants (D:5)
  4 water moccasins
  8 orc warriors
  2 sky beasts
  4 ice beasts
  Purgy (Sewer)
  6 ogres
  2 phantoms
  3 centaurs
  8 bullfrogs
  2 scorpions
  8 killer bees (D:5)
  4 wights (D:8)
  6 howler monkeys
  4 crimson imps
  A quasit (D:5)
  2 hounds
  A centaur zombie (D:8)
  A jelly (D:8)
  6 orc wizards
  A bullfrog skeleton (D:4)
  5 orc priests
  3 iguanas
  Ijyb (D:3)
  15 worker ants
  A hound skeleton (D:4)
  A howler monkey zombie (D:8)
  Robin (D:2)
  A howler monkey skeleton (D:8)
  10 adders
  3 gnolls (D:6)
  A river rat (D:4)
  6 shadow imps
  2 oozes
  An adder zombie (D:2)
  4 adder skeletons
  3 worms (D:2)
  4 dart slugs
  6 leopard geckos
  37 orcs
  A ball python (D:5)
  5 bats
  A bat zombie (D:2)
  4 giant cockroaches
  20 goblins
  9 hobgoblins
  7 jackals
  5 quokkas
  6 frilled lizards
  A jackal skeleton (D:2)
  12 kobolds
  A quokka skeleton (D:5)
  A quokka zombie (D:2)
  8 rats
275 creatures vanquished.

Vanquished Creatures (others)
  A jelly (D:5)
1 creature vanquished.

Grand Total: 276 creatures vanquished

Notes
Turn   | Place    | Note
-------+----------+-------------------------------------------
     0 | D:1      | Fang the Gargoyle Berserker began the quest for the Orb.
     0 | D:1      | Reached XP level 1. HP: 14/14 MP: 1/1
   101 | D:1      | Reached XP level 2. HP: 5/19 MP: 2/2
   928 | D:2      | Noticed Robin
   931 | D:2      | Reached XP level 3. HP: 23/23 MP: 3/3
   934 | D:2      | Reached ** piety under Trog
   939 | D:2      | Killed Robin
   947 | D:2      | Noticed Sigmund
  1284 | D:2      | Reached XP level 4. HP: 26/29 MP: 4/4
  1293 | D:2      | Killed Sigmund
  1293 | D:2      | Reached skill level 4 in Fighting
  1293 | D:2      | Reached XP level 5. HP: 32/34 MP: 5/5
  1293 | D:2      | Reached XP level 6. HP: 36/39 MP: 6/6
  1985 | D:3      | Reached *** piety under Trog
  2168 | D:3      | Noticed Ijyb
  2217 | D:3      | Killed Ijyb
  2862 | D:4      | Reached skill level 5 in Fighting
  2905 | D:4      | Reached XP level 7. HP: 43/44 MP: 7/7
  2971 | D:4      | Found a staircase to the Ecumenical Temple.
  3019 | D:4      | Found a glowing drain.
  3034 | Sewer    | Entered a sewer
  3053 | Sewer    | Noticed Purgy
  3065 | Sewer    | Killed Purgy
  3444 | Temple   | Entered the Ecumenical Temple
  3497 | D:4      | Reached skill level 5 in Armour
  3793 | D:4      | Reached **** piety under Trog
  3793 | D:4      | Reached XP level 8. HP: 51/51 MP: 8/8
  4048 | D:5      | Entered Level 5 of the Dungeon
  4127 | D:5      | Reached skill level 6 in Fighting
  4144 | D:5      | Reached skill level 5 in Axes
  4465 | D:5      | Found a runed translucent gate.
  4467 | D:5      | Found the +9 staff of Olgreb {rPois}
  4474 | D:5      | Found a runed translucent door.
  4610 | D:5      | Found a runed translucent door.
  4619 | D:5      | Found a runed translucent gate.
  4619 | D:5      | Found a runed translucent gate.
  4886 | D:5      | Reached XP level 9. HP: 56/56 MP: 9/9
  4893 | D:5      | Reached skill level 7 in Fighting
  4926 | D:5      | Reached skill level 5 in Dodging
  5622 | D:6      | Reached skill level 8 in Fighting
  5824 | D:6      | Noticed Eustachio
  5837 | D:6      | Reached XP level 10. HP: 58/64 MP: 10/10
  5910 | D:6      | Killed Eustachio
  6353 | D:7      | Reached ***** piety under Trog
  6894 | D:7      | Reached skill level 9 in Fighting
  6910 | D:7      | Received a gift from Trog
  7171 | D:8      | Noticed a two-headed ogre
  7186 | D:8      | Killed a two-headed ogre
  7611 | D:8      | Reached XP level 11. HP: 70/71 MP: 11/11
  7619 | D:8      | Found a basalt altar of Yredelemnul.
  7619 | D:8      | Found a hazy altar of Hepliaklqana.
  8353 | D:9      | Noticed a two-headed ogre
  8362 | D:9      | Killed a two-headed ogre
  8362 | D:9      | Reached skill level 10 in Fighting
  8408 | D:9      | Found a flagged portal.
  8457 | Bailey   | Entered a bailey
  8899 | Bailey   | Found a roughly hewn altar of Beogh.
  8900 | Bailey   | Noticed an orc knight
  8913 | Bailey   | Slain by an orc warrior

Levels and vault maps discovered:
D:1:      dpeg_arrival_yet_another_circle, layout_loops_ring, serial_glass,
          glass_columns_a, glass_columns_b, due_unseen_surprise,
          minmay_strange_pillars, feat_on_display
D:2:      layout_rooms, first_ration, serial_undead, serial_undead_e,
          serial_undead_b, serial_undead_d, serial_undead_f, serial_undead_e,
          serial_undead_e, uniq_robin, uniq_sigmund
D:3:      layout_loops_corners, minmay_unequal, uniq_ijyb
D:4:      layout_gridville, minmay_temple_entry_wispy, serial_glass,
          glass_columns_a, glass_columns_a, cheibrodos_sewer_entry_sluice
D:5:      layout_rooms, minmay_door_square,
          minmay_guarded_unrand_staff_of_olgreb
D:6:      layout_loops_ring, uniq_eustachio
D:7:      layout_basic, grunt_livestock
D:8:      layout_rooms, chequers_temple_overflow_statue_of_worship
D:9:      layout_gridville, enter_bailey_8
Temple:   regret_index_temple_chain_breaker
Bailey:   bailey_polearm_2, bailey

Skill      XL: |  1  2  3  4  5  6  7  8  9 10 11 |
---------------+----------------------------------+-----
Axes           | 3 4 5 6 8 |  8.5
Dodging        | 2 3 4 5 7 |  7.4
Fighting       | 4 5 6 8 9 10 | 10.1
Armour         | 3 4 5 6 7 9 |  9.8

Action                   |  1- 3 |  4- 6 |  7- 9 | 10-12 || total
-------------------------+-------+-------+-------+-------++-------
Melee: Hand axe          |    89 |   226 |   177 |       ||   492
       War axe           |       |       |   328 |   388 ||   716
Invok: Berserk           |     2 |     1 |     5 |     5 ||    13
       Trog's Hand       |       |       |     4 |     1 ||     5
 Abil: Evoke Flight      |       |       |       |     2 ||     2
  Use: Scroll            |       |       |       |    14 ||    14
  Eat: Chunk             |     2 |     8 |    13 |    14 ||    37
       Ration            |       |       |     1 |       ||     1
Armor: Animal skin       |    42 |    21 |       |       ||    63
       Chain mail        |       |   115 |       |       ||   115
       Plate armour      |       |    16 |   576 |   368 ||   960
Dodge: Dodged            |    72 |   138 |   348 |   288 ||   846
